 Dungeon Crawl Stone Soup version 0.21.0-26-g889b8f6 (webtiles) character file.

93 Sharkov the Slasher (level 4, -1/35 HPs)
             Began as a Demonspawn Chaos Knight on Jan 27, 2018.
             Slain by a goblin
             ... wielding a +0 dagger
              (4 damage)
             ... on level 3 of the Dungeon.
             The game lasted 00:03:23 (1317 turns).

Sharkov the Slasher (Demonspawn Chaos Knight)       Turns: 1317, Time: 00:03:24

Health: -1/35      AC:  5    Str: 13 (14) XL:     4   Next: 36%
Magic:  4/4        EV: 11    Int: 13      God:    Xom [*.....]
Gold:   70         SH:  4    Dex: 11 (12) Spells: 3/3 levels left

rFire    . . .     SeeInvis .   a - +0 falchion (chaos)
rCold    . . .     Gourm    .   (no shield)
rNeg     . . .     Faith    .   b - +2 leather armour
rPois    .         Spirit   .   (no helmet)
rElec    .         Reflect  .   (no cloak)
rCorr    .         Harm     .   (no gloves)
MR       .....                  (no boots)
Stlth    +.........             (no amulet)
HPRegen  0.11/turn              (no ring)
MPRegen  0.09/turn              (no ring)

@: no status effects
A: claws 1, large bone plates 1
a: Renounce Religion


You were on level 3 of the Dungeon.
You worshipped Xom.
You were a special plaything of Xom.
You were hungry.

You visited 1 branch of the dungeon, and saw 4 of its levels.

You collected 70 gold pieces.

Inventory:

Hand Weapons
 a - a +0 falchion of chaos (weapon)
 l - a +0 whip of electrocution
Armour
 b - a +2 leather armour (worn)
 g - a +0 ring mail
Scrolls
 e - a scroll of amnesia {unknown}
 f - 2 scrolls of identify {unknown}
 h - a scroll of random uselessness {unknown}
 j - a scroll of immolation {unknown}
 m - 3 scrolls of teleportation {unknown}
 n - a scroll of magic mapping {unknown}
Potions
 i - a potion of degeneration
Comestibles
 c - 6 rations


   Skills:
 - Level 3.0 Fighting
 + Level 4.7 Long Blades
 - Level 1.7 Armour
 - Level 0.8 Dodging


You had 3 spell levels left.
You didn't know any spells.

Dungeon Overview and Level Annotations

Branches:
Dungeon (4/15)
 Temple: D:4-7

Altars:
Dithmenos
Hepliaklqana
Makhleb
Qazlal
Ru
Sif Muna
Trog
Uskayaw
Xom
Zin
The Shining One


Innate Abilities, Weirdness & Mutations

You have sharp fingernails.
You are partially covered in large bone plates. (SH +4)


Message History

You bump into the rock wall.
You are feeling hungry.
The gnoll hits you but does no damage.
An adder skeleton comes into view.
You bump into the rock wall.
You feel less confused.
The gnoll hits the gnoll with a spear.
The gnoll is killed!
You feel your dexterity returning.
There is a stone staircase leading up here.
You climb upwards.
The kobold shouts!
The goblin shouts!
A quokka, a goblin and an orc come into view.
The goblin shouts!
The quokka bites you but does no damage.
Found 15 gold pieces and a ration.
There is a stone staircase leading down here.
The quokka closely misses you. The goblin hits you with a dagger.
You die... "It's all fun and games until someone loses an eye."

#.# #. #.#
#. #.#
#..#.#
####..#%#
......#.#
.....$..####
.....#g@o..#
.....gr>...#
.....##....#
.... #....#
... #....#
.. ###### #


You could see an orc, a quokka and 2 goblins.

Vanquished Creatures
  3 gnolls (D:4)
  2 adders (D:2)
  A worm (D:2)
  A dart slug (D:1)
  A leopard gecko (D:1)
  8 bats
  3 giant cockroaches
  3 goblins
  3 hobgoblins
  3 jackals (D:1)
  A quokka (D:2)
  3 frilled lizards
  5 kobolds
  7 rats
44 creatures vanquished.

Vanquished Creatures (collateral kills)
  A rat (D:1)
1 creature vanquished.

Grand Total: 45 creatures vanquished

Notes
Turn   | Place    | Note
-------+----------+-------------------------------------------
     0 | D:1      | Sharkov the Demonspawn Chaos Knight began the quest for the Orb.
     0 | D:1      | Reached XP level 1. HP: 18/18 MP: 1/1
    32 | D:1      | Reached skill level 3 in Long Blades
    35 | D:1      | Gained mutation: You have sharp fingernails. [demonic ancestry]
    35 | D:1      | Reached XP level 2. HP: 18/24 MP: 2/2
    94 | D:1      | XOM: silly message
   164 | D:1      | XOM: silly message
   251 | D:1      | XOM: scenery: create altars
   389 | D:1      | Reached XP level 3. HP: 29/29 MP: 3/3
   409 | D:2      | XOM: stealth player
   438 | D:2      | Found a glowing golden altar of the Shining One.
   447 | D:2      | Reached skill level 4 in Long Blades
   457 | D:2      | Found a sacrificial altar of Ru.
   463 | D:2      | Found a deep blue altar of Sif Muna.
   468 | D:2      | Found a bloodstained altar of Trog.
   468 | D:2      | Found a stormy altar of Qazlal.
   472 | D:2      | Found a hide-covered altar of Uskayaw.
   473 | D:2      | Found a shadowy altar of Dithmenos.
   580 | D:2      | Found a glowing silver altar of Zin.
   611 | D:2      | Found a burning altar of Makhleb.
   823 | D:2      | XOM: cleaving
   824 | D:2      | XOM: enchant monster (good)
   828 | D:2      | XOM: enchant monster (bad)
  1036 | D:2      | XOM: cloud trail
  1224 | D:3      | XOM: noise
  1264 | D:4      | Found a hazy altar of Hepliaklqana.
  1264 | D:4      | Noticed a scorpion
  1270 | D:4      | XOM: 2-stop teleportation journey
  1291 | D:4      | Gained mutation: You are partially covered in large bone plates. (SH +4) [demonic ancestry]
  1291 | D:4      | Reached XP level 4. HP: 24/35 MP: 4/4
  1303 | D:4      | HP: 1/35 [gnoll/spear (1)]
  1305 | D:4      | XOM: confusion
  1317 | D:3      | Slain by a goblin

Skill      XL: |  1  2  3 |
---------------+----------+-----
Long Blades    | 3 4 |  4.7
Fighting       | |  3.0
Armour         | |  1.7
Dodging        | |  0.8

Action                   |  1- 3 |  4- 6 || total
-------------------------+-------+-------++-------
Melee: Falchion          |   115 |    12 ||   127
  Use: Potion            |     5 |     1 ||     6
 Stab: Petrified         |     2 |       ||     2
       Paralysed         |     1 |       ||     1
       Sleeping          |     1 |       ||     1
  Eat: Chunk             |     1 |       ||     1
Armor: Leather armour    |    51 |     4 ||    55
Dodge: Dodged            |    96 |     9 ||   105
Block: Other             |       |     2 ||     2
       Rpst.: Falchion   |    31 |       ||    31
